 Dungeon Crawl Stone Soup version 0.20-a0-1043-gbd57889 (webtiles) character file.

605 Megalobster the Sneak (level 7, -2/52 HPs)
             Began as a Vampire Assassin on Apr 24, 2017.
             Was a Follower of Trog.
             Splashed by a jelly's acid (4 damage)
             ... on level 4 of the Dungeon.
             The game lasted 00:22:41 (4177 turns).

Megalobster the Sneak (Vampire Assassin)            Turns: 4177, Time: 00:22:41

Health: -2/52      AC: -12   Str: 11    XL:     7   Next: 19%
Magic:  9/9        EV: 14    Int: 13    God:    Trog [*.....]
Gold:   242        SH:  0    Dex: 17    Spells: 9/9 levels left

rFire    . . .     SeeInvis +   a - +2 dagger
rCold    . . .     Gourm    .   (no shield)
rNeg     + . .     Faith    .   u - -1 robe (curse)
rPois    .         Spirit   .   s - +0 helmet
rElec    .         Reflect  .   d - +0 cloak
rCorr    .         Harm     .   (no gloves)
MR       .....                  (no boots)
Stlth    ++++......             (no amulet)
Regen    0.2/turn               (no ring)
MPRegen  0.2/turn               (no ring)

@: exhausted, corroded
A: fangs 3, see invisible, unbreathing
a: Bat Form, Berserk, Burn Spellbooks, Renounce Religion


You were on level 4 of the Dungeon.
You worshipped Trog.
Trog was aware of your devotion.
You were not thirsty.

You visited 1 branch of the dungeon, and saw 4 of its levels.

You collected 242 gold pieces.

Inventory:

Hand Weapons
 a - a +2 dagger (weapon)
 b - a +1 blowgun
 l - a +0 hunting sling
 y - a +2 short sword of flaming
 A - a +2 quarterstaff of chaos
 D - a +0 rapier
Missiles
 e - 11 poisoned needles
 m - 15 bolts
 q - 101 stones (quivered)
 E - a curare-tipped needle
Armour
 c - a +0 robe
 d - a +0 cloak (worn)
 i - a +0 leather armour
 r - a +2 leather armour of fire resistance
 s - a +0 helmet (worn)
 u - a cursed -1 robe (worn)
 z - a +3 scale mail
 B - a +1 cloak
 C - a +2 helmet
Scrolls
 n - a scroll of amnesia
 p - 2 scrolls of blinking
 t - a scroll of recharging {unknown}
 x - 2 scrolls of identify
Potions
 f - a potion of curing {unknown}
 g - 36 potions of blood
 h - 4 potions of lignification
 j - a potion of haste {unknown}
 k - a potion of mutation {unknown}
 o - a potion of flight {unknown}
 v - a potion of might {unknown}
 w - a potion of heal wounds


   Skills:
 + Level 3.5 Fighting
 + Level 3.7 Short Blades
 * Level 3.6 Throwing
 + Level 1.0 Armour
 + Level 3.2 Dodging
 + Level 7.3 Stealth
 - Level 1.5 Spellcasting


You had 9 spell levels left.
You didn't know any spells.

Dungeon Overview and Level Annotations

Branches:
Dungeon (4/15)
 Temple: D:4-7

Altars:
Trog


Innate Abilities, Weirdness & Mutations

You have razor-sharp teeth.
You have supernaturally acute eyesight. (SInv)
You can survive without breathing.


Message History

The jelly hits you. The acid corrodes you!
You are splashed with acid!
The acid burns!
You hit the jelly but do no damage. The acid corrodes you!
Your hands burn!
The jelly is severely wounded.
The jelly hits you.
You are splashed with acid!
The acid burns!
* * * LOW HITPOINT WARNING * * *
You hit the jelly but do no damage.
Your hands burn!
* * * LOW HITPOINT WARNING * * *
The jelly is severely wounded.
You're too exhausted to go berserk.
You hit the jelly but do no damage.
Your hands burn!
* * * LOW HITPOINT WARNING * * *
The jelly is severely wounded.
The jelly jiggles.
The jelly hits you.
* * * LOW HITPOINT WARNING * * *
The acid corrodes you!
You are splashed with acid!
The acid burns!
* * * LOW HITPOINT WARNING * * *
You hit the jelly but do no damage.
Your hands burn!
You die...

.J. #..# ##..># #.#
##..#####!.# #..### #<#
........#.####.## ###)#####
#........))....# ##.....##.
###........#..####..÷......
#...###÷..#..##.)........
##......#....##..........
###.##..##...##..........
........@#...............
######...J..###..........
#.##....##..........
#.##.##..#..........
#.##.###.........((.
#.##..###..........#
#.###.# #..........# #.#
#..##..........#
#######.####.............#


You could see a jelly.

Vanquished Creatures
  An ogre (D:4)
  A howler monkey (D:4)
  2 orc priests
  Crazy Yiuf (D:3)
  Ijyb (D:3)
  Natasha (thrice) (D:4)
  3 orc wizards
  A worker ant (D:4)
  Robin (D:4)
  3 gnolls
  5 adders
  An adder skeleton (D:4)
  3 worms
  5 leopard geckos
  9 orcs
  2 ball pythons
  9 bats
  3 giant cockroaches (D:3)
  9 hobgoblins
  4 jackals
  2 quokkas
  2 frilled lizards
  17 goblins
  8 kobolds
  8 rats
104 creatures vanquished.

Notes
Turn   | Place    | Note
-------+----------+-------------------------------------------
     0 | D:1      | Megalobster the Vampire Assassin began the quest for the Orb.
     0 | D:1      | Reached XP level 1. HP: 16/16 MP: 1/1
   427 | D:1      | Reached skill level 6 in Stealth
   427 | D:1      | Reached XP level 2. HP: 22/22 MP: 3/3
  1317 | D:2      | Reached skill level 1 in Spellcasting
  1362 | D:2      | Reached XP level 3. HP: 22/27 MP: 4/4
  2271 | D:3      | Reached XP level 4. HP: 34/34 MP: 6/6
  2382 | D:3      | Found a bloodstained altar of Trog.
  2398 | D:3      | Became a worshipper of Trog the Wrathful
  2457 | D:3      | Noticed Ijyb
  2570 | D:3      | Killed Ijyb
  2812 | D:3      | Reached XP level 5. HP: 28/39 MP: 7/7
  3285 | D:3      | Found a runed door.
  3290 | D:3      | Noticed Crazy Yiuf
  3299 | D:3      | Killed Crazy Yiuf
  3493 | D:4      | Noticed Natasha
  3501 | D:4      | Killed Natasha
  3501 | D:4      | Reached XP level 6. HP: 42/47 MP: 8/8
  3552 | D:4      | Reached * piety under Trog
  3617 | D:4      | Noticed Robin
  3807 | D:4      | Reached skill level 7 in Stealth
  3845 | D:4      | Killed Robin
  3845 | D:4      | Reached skill level 1 in Armour
  4028 | D:4      | Noticed Natasha
  4041 | D:4      | Killed Natasha
  4054 | D:4      | Noticed Natasha
  4056 | D:4      | Killed Natasha
  4122 | D:4      | Reached XP level 7. HP: 51/52 MP: 9/9
  4176 | D:4      | HP: 2/52 [acid (6)]
  4177 | D:4      | Splashed by a jelly's acid

Vault maps used:
D:1:      scummos_arrival_gate
D:3:      grunt_decor_cap, trog_book, uniq_ijyb, uniq_crazy_yiuf_cottage
D:4:      minmay_temple_entry_butterflies, uniq_robin, uniq_duvessa,
          uniq_natasha

Skill      XL: |  1  2  3  4  5  6 |
---------------+-------------------+-----
Stealth        | 6 7 |  7.3
Fighting       | 2 3 |  3.5
Spellcasting   | 1 |  1.5
Dodging        | 2 3 |  3.2
Throwing       | 2 3 |  3.6
Short Blades   | 3 |  3.7
Armour         | 1 |  1.0

Action                   |  1- 3 |  4- 6 |  7- 9 || total
-------------------------+-------+-------+-------++-------
Melee: Dagger            |   111 |   102 |    19 ||   232
       Bite              |     4 |    13 |     1 ||    18
 Fire: Blowgun           |    12 |   123 |       ||   135
       Hunting sling     |     6 |       |       ||     6
Throw: Stone             |    24 |    21 |       ||    45
Invok: Berserk           |       |     1 |     1 ||     2
  Use: Scroll            |     2 |     2 |       ||     4
       Potion            |     5 |     4 |     1 ||    10
 Stab: Sleeping          |    12 |     1 |       ||    13
  Eat: Corpse            |     2 |     1 |       ||     3
Armor: Robe              |    21 |    18 |     2 ||    41
       Skin              |       |     7 |       ||     7
Dodge: Dodged            |    54 |   102 |     6 ||   162
